 Dungeon Crawl Stone Soup version 0.29-a0-384-g6960b1960d (webtiles) character file.

Game seed: 3580923561146039128

1191 Bruhh the Chiller (level 8, -12/58 HPs)
             Began as a Gnoll Ice Elementalist on May 7, 2022.
             Mangled by a harpy simulacrum (20 damage)
             ... on level 1 of the Abyss.
             The game lasted 00:07:04 (4147 turns).

Bruhh the Chiller (Gnoll Ice Elementalist)          Turns: 4147, Time: 00:07:05

Health: -12/58     AC:  5    Str: 14    XL:     8   Next: 43%
Magic:  17/17      EV: 13    Int: 17    God:
Gold:   279        SH:  4    Dex: 12    Spells: 12/19 levels left

rFire   . . .      SeeInvis .   g - +2 dagger (venom)
rCold   . . .      Faith    .   i - +0 buckler
rNeg    . . .      Spirit   .   a - +0 robe
rPois   .          Reflect  .   z - +0 helmet
rElec   .          Harm     .   l - +0 cloak
rCorr   .          Rampage  .   (no gloves)
Will    .....                   h - +0 pair of boots
Stlth   +++.......              m - amulet of regeneration
HPRegen 0.99/turn               x - +6 ring of strength
MPRegen 0.15/turn               (no ring)

@: no status effects
A: fangs 1, strong nose, distributed training
a: no special abilities


You were on level 1 of the Abyss.
You visited 1 branch of the dungeon, and saw 5 of its levels.
You visited the Abyss 1 time.

You collected 279 gold pieces.

Inventory:

Hand Weapons
 g - a +2 dagger of venom (weapon)
Armour
 a - a +0 robe (worn)
 h - a +0 pair of boots (worn)
 i - a +0 buckler (worn)
 l - a +0 cloak (worn)
 s - the +3 leather armour of Fesuyqiy {rPois Str+2 Dex-3}
   (You found it on level 2 of the Dungeon)

   Str:       It affects your strength (+2).
   Dex:       It affects your dexterity (-3).
   rPois:     It protects you from poison.
 z - a +0 helmet (worn)
 C - a +2 tower shield
Jewellery
 m - an amulet of regeneration (around neck)
 x - a +6 ring of strength (left hand)
Scrolls
 c - 7 scrolls of identify {unknown}
 f - 2 scrolls of fear {unknown}
 n - a scroll of noise {unknown}
 p - a scroll of magic mapping {unknown}
 q - a scroll of immolation {unknown}
 r - 2 scrolls of teleportation {unknown}
 v - a scroll of silence {unknown}
 w - 2 scrolls of enchant armour {unknown}
 y - a scroll of acquirement {unknown}
 A - a scroll of enchant weapon {unknown}
 B - a scroll of fog {unknown}
Potions
 b - 2 potions of magic
 d - 2 potions of curing {unknown}
 e - a potion of attraction {unknown}
 j - 2 potions of invisibility
 k - 4 potions of degeneration {unknown}
 o - a potion of heal wounds {unknown}
 t - a potion of ambrosia {unknown}
 u - 2 potions of brilliance {unknown}


   Skills:
 + Level 3.2 Fighting
 + Level 3.2 Short Blades
 + Level 3.2 Long Blades
 + Level 3.2 Axes
 + Level 3.2 Maces & Flails
 + Level 3.2 Polearms
 + Level 3.2 Staves
 + Level 3.2 Slings
 + Level 3.2 Bows
 + Level 3.2 Crossbows
 + Level 3.2 Throwing
 + Level 3.2 Armour
 + Level 5.7 Dodging
 + Level 5.3 Stealth
 + Level 3.2 Shields
 + Level 3.2 Unarmed Combat
 + Level 6.0 Spellcasting
 + Level 2.6 Conjurations
 + Level 2.6 Hexes
 + Level 2.6 Summonings
 + Level 2.6 Necromancy
 + Level 2.6 Translocations
 + Level 2.6 Transmutations
 + Level 2.6 Fire Magic
 + Level 7.6 Ice Magic
 + Level 2.6 Air Magic
 + Level 2.6 Earth Magic
 + Level 2.6 Poison Magic
 + Level 3.6 Invocations
 + Level 3.2 Evocations


You had 12 spell levels left.
You knew the following spells:

 Your Spells              Type           Power      Damage    Failure   Level
a - Freeze                Ice            100%       1d11      1%          1
b - Frozen Ramparts       Ice            62%        1d8       2%          3
c - Ozocubu's Armour      Ice            31%        N/A       2%          3

Your spell library contained the following spells:

 Spells                   Type           Power      Damage    Failure   Level
 Sandblast                Erth           28%        2d8       5%          1
 Passwall                 Tmut/Erth      11%        N/A       9%          2
 Stone Arrow              Conj/Erth      28%        3d8       17%         3
 Hailstorm                Conj/Ice       22%        3d7       21%         4


Dungeon Overview and Level Annotations

Branches:
Dungeon (5/15)
 Temple: D:4-7

Altars:
Qazlal

Annotations:
D:5 Edmund


Innate Abilities, Weirdness & Mutations

You have very sharp teeth.
Your uncanny sense of smell can sniff out nearby items.
Your experience applies equally to all skills.


Message History

The frozen ramparts melt away.
Edmund hits you but does no damage.
You hit Edmund.
Edmund looks as sick as possible!
Edmund is severely wounded.
You hit Edmund but do no damage. You bite Edmund, but do no damage.
Edmund is severely wounded.
Edmund misses you.
You barely miss Edmund.
Edmund is almost dead.
Edmund hits you with a +2 flail of distortion!
You are cast into the Abyss!
This branch contains the abyssal rune of Zot.
Your icy armour cracks and falls away as you move.
HP restored.
A wretched star comes into view.
A wretched star is nearby!
A wretched star is nearby!
Found a gateway leading deeper into the Abyss.
A raiju comes into view.
A ynoxinul comes into view.
A sixfirhy comes into view.
A great orb of eyes comes into view.
A harpy simulacrum comes into view.
A raiju comes into view.
A glowing orange brain comes into view.
The glowing orange brain turns its attention towards you.
The harpy simulacrum claws you! The harpy simulacrum freezes you!
The harpy simulacrum barely misses you.
The harpy simulacrum attacks as you move away!
The harpy simulacrum barely misses you.
The harpy simulacrum closely misses you.
A rust devil comes into view.
The harpy simulacrum closely misses you.
The harpy simulacrum barely misses you. The harpy simulacrum claws you!
The harpy simulacrum freezes you!!
* * * LOW HITPOINT WARNING * * *
You block the harpy simulacrum's attack.
The harpy simulacrum closely misses you.
The harpy simulacrum claws you.
* * * LOW HITPOINT WARNING * * *
The harpy simulacrum freezes you!!
You die...

. ##.# .#.. ##
####### #.. # ..
#..#.G# .#### #.#.
#.@Z.#..##.# .##. #
#...##.....#
##...##
#.#####.##.#...#.#.
# #...##G.##...#
#....##..#.##...
#.##.##.## ### . ##
#... ## #..# ..
#.## ###


You could see a glowing orange brain and a harpy simulacrum.

Vanquished Creatures
  Grinder (D:3)
  4 yaks (D:4)
  2 kobold brigands (D:4)
  A howler monkey (D:4)
  A hound (D:4)
  A jelly (D:4)
  Crazy Yiuf (D:4)
  An iguana (D:3)
  4 gnolls (D:4)
  An adder (D:2)
  2 worms (D:3)
  4 dart slugs
  5 bats
  9 endoplasms
  2 giant cockroaches
  10 goblins
  6 hobgoblins
  5 jackals
  5 quokkas
  6 ball pythons
  5 frilled lizards
  14 kobolds
  2 rats (D:1)
92 creatures vanquished.

Notes
Turn   | Place    | Note
-------+----------+-------------------------------------------
     0 | D:1      | Bruhh the Gnoll Ice Elementalist began the quest for the
                  | Orb.
     0 | D:1      | Reached XP level 1. HP: 13/13 MP: 6/6
    52 | D:1      | Found a faded altar of an unknown god.
    72 | D:1      | Reached XP level 2. HP: 8/19 MP: 1/7
   623 | D:1      | Reached XP level 3. HP: 19/25 MP: 2/9
   645 | D:1      | Reached skill level 5 in Spellcasting
   649 | D:1      | Learned a level 3 spell: Frozen Ramparts
   653 | D:1      | Learned a level 3 spell: Ozocubu's Armour
  1384 | D:2      | Reached skill level 1 in Invocations
  1553 | D:2      | Identified the +3 leather armour of Fesuyqiy {rPois Str+2
                  | Dex-3}
  1577 | D:2      | Reached skill level 1 in Fighting
  1577 | D:2      | Reached skill level 1 in Short Blades
  1577 | D:2      | Reached skill level 1 in Long Blades
  1577 | D:2      | Reached skill level 1 in Axes
  1577 | D:2      | Reached skill level 1 in Maces & Flails
  1577 | D:2      | Reached skill level 1 in Polearms
  1577 | D:2      | Reached skill level 1 in Staves
  1577 | D:2      | Reached skill level 1 in Slings
  1577 | D:2      | Reached skill level 1 in Bows
  1577 | D:2      | Reached skill level 1 in Crossbows
  1577 | D:2      | Reached skill level 1 in Throwing
  1577 | D:2      | Reached skill level 1 in Armour
  1577 | D:2      | Reached skill level 1 in Shields
  1577 | D:2      | Reached skill level 1 in Unarmed Combat
  1577 | D:2      | Reached skill level 1 in Evocations
  1870 | D:3      | Reached XP level 4. HP: 32/32 MP: 11/11
  1959 | D:3      | Found a stormy altar of Qazlal.
  2243 | D:3      | Reached skill level 1 in Conjurations
  2243 | D:3      | Reached skill level 1 in Hexes
  2243 | D:3      | Reached skill level 1 in Summonings
  2243 | D:3      | Reached skill level 1 in Necromancy
  2243 | D:3      | Reached skill level 1 in Translocations
  2243 | D:3      | Reached skill level 1 in Transmutations
  2243 | D:3      | Reached skill level 1 in Fire Magic
  2243 | D:3      | Reached skill level 1 in Air Magic
  2243 | D:3      | Reached skill level 1 in Earth Magic
  2243 | D:3      | Reached skill level 1 in Poison Magic
  2267 | D:3      | Noticed Grinder
  2276 | D:3      | Paralysed by Grinder for 2 turns
  2286 | D:3      | Killed Grinder
  2287 | D:3      | Reached skill level 5 in Dodging
  2287 | D:3      | Reached XP level 5. HP: 7/38 MP: 12/12
  2287 | D:3      | Reached XP level 6. HP: 9/44 MP: 14/14
  3172 | D:4      | Noticed a yak
  3173 | D:4      | Noticed a yak
  3182 | D:4      | Noticed a yak
  3185 | D:4      | Killed a yak
  3185 | D:4      | Noticed a yak
  3186 | D:4      | Reached XP level 7. HP: 46/51 MP: 8/15
  3191 | D:4      | Killed a yak
  3192 | D:4      | Reached skill level 5 in Stealth
  3192 | D:4      | Killed a yak
  3193 | D:4      | Reached XP level 8. HP: 44/57 MP: 6/16
  3199 | D:4      | Killed a yak
  3416 | D:4      | Found a runed translucent door.
  3417 | D:4      | Noticed Crazy Yiuf
  3938 | D:4      | Killed Crazy Yiuf
  4020 | D:5      | Entered Level 5 of the Dungeon
  4034 | D:5      | Noticed Edmund
  4049 | D:5      | Cast into level 1 of the Abyss (Edmund)
  4060 | Abyss:1  | Noticed a wretched star
  4108 | Abyss:1  | Noticed a raiju
  4111 | Abyss:1  | Noticed a ynoxinul
  4121 | Abyss:1  | Noticed a sixfirhy
  4121 | Abyss:1  | Noticed a great orb of eyes
  4139 | Abyss:1  | Noticed a raiju
  4140 | Abyss:1  | Noticed a glowing orange brain
  4145 | Abyss:1  | Noticed a rust devil
  4147 | Abyss:1  | Mangled by a harpy simulacrum

Illustrated notes

Levels and vault maps discovered:
D:1:      psy_arrival_basics, layout_rooms, hellmonk_ecumenical_altar_lost_god,
          kennysheep_nondescript, chequers_serial_rivers_large_a,
          minmay_heptomino_d4
D:2:      layout_rooms, amethyst_killhole, minmay_crystal_room,
          hangedman_decor_growths, st_stairs_9
D:3:      layout_rooms, mainiacjoe_overflow_chevrons, uniq_grinder
D:4:      cheibrodos_thug_alley, layout_cave_pools, minmay_misc_feat_nine_boxes,
          nrook_uturn, kennysheep_boxes, uniq_crazy_yiuf_cottage
D:5:      layout_rooms, minmay_manual_moon, uniq_edmund
Abyss:1:  base:
D:1

Skill      XL: |  1  2  3  4  5  6  7  8 |
---------------+-------------------------+-----
Spellcasting   | 5 6 |  6.0
Invocations    | 1 2 3 |  3.6
Fighting       | 1 2 3 |  3.2
Short Blades   | 1 2 3 |  3.2
Long Blades    | 1 2 3 |  3.2
Axes           | 1 2 3 |  3.2
Maces & Flails | 1 2 3 |  3.2
Polearms       | 1 2 3 |  3.2
Staves         | 1 2 3 |  3.2
Slings         | 1 2 3 |  3.2
Bows           | 1 2 3 |  3.2
Crossbows      | 1 2 3 |  3.2
Throwing       | 1 2 3 |  3.2
Armour         | 1 2 3 |  3.2
Shields        | 1 2 3 |  3.2
Unarmed Combat | 1 2 3 |  3.2
Evocations     | 1 2 3 |  3.2
Conjurations   | 1 2 |  2.6
Hexes          | 1 2 |  2.6
Summonings     | 1 2 |  2.6
Necromancy     | 1 2 |  2.6
Translocations | 1 2 |  2.6
Transmutations | 1 2 |  2.6
Fire Magic     | 1 2 |  2.6
Air Magic      | 1 2 |  2.6
Earth Magic    | 1 2 |  2.6
Poison Magic   | 1 2 |  2.6
Dodging        | 5 |  5.7
Stealth        | 5 |  5.3
Ice Magic      | |  7.6

Action                   |  1- 3 |  4- 6 |  7- 9 || total
-------------------------+-------+-------+-------++-------
Melee: Unarmed           |     2 |       |       ||     2
       Dagger            |    39 |    48 |    30 ||   117
       Bite              |     4 |     2 |     3 ||     9
 Cast: Freeze            |    32 |    23 |    21 ||    76
       Frozen Ramparts   |     1 |     3 |     3 ||     7
       Ozocubu's Armour  |       |     2 |     2 ||     4
  Use: Potion            |       |     1 |       ||     1
 Stab: Sleeping          |     7 |     3 |     2 ||    12
       Invisible         |       |     1 |       ||     1
Armor: Robe              |    13 |    21 |     9 ||    43
Dodge: Dodged            |    38 |    44 |    24 ||   106
Block: Buckler           |     8 |    14 |    12 ||    34

Table legend: (Time is in decaauts)
 A = Elapsed time spent in this place.
 B = Non-inter-level travel time spent in this place.
 C = Inter-level travel time spent in this place.
 D = Time resting spent in this place.
 E = Time spent auto-exploring this place.
 F = Levels seen in this place.
 G = Mean time per level.
                   A        B        C        D        E       F      G
               +--------+--------+--------+--------+--------+-----+--------+
         Total |   4151 |   3932 |    219 |      0 |   3176 |   6 |  691.8 |
       Dungeon |   4053 |   3834 |    219 |      0 |   3166 |   5 |  810.6 |
         Abyss |     97 |     97 |      0 |      0 |     10 |   1 |   97.0 |
               +--------+--------+--------+--------+--------+-----+--------+

Top non-repeatable levels by time:
     D:1: 1241 daAuts
     D:4: 1117 daAuts
     D:3: 1031 daAuts
     D:2: 634 daAuts
 Abyss:1: 97 daAuts
     D:5: 28 daAuts
